 Dungeon Crawl Stone Soup version 0.28.0 (webtiles) character file.

Game seed: 8137170332447346946

106428 hikkokomori the Geomancer (level 16, -3/100 HPs)
             Began as a Gargoyle Wanderer on Feb 17, 2022.
             Was a High Priest of Sif Muna.
             Slain by a juggernaut skeleton (40 damage)
             ... on level 15 of the Dungeon on Feb 18, 2022.
             The game lasted 01:51:58 (32533 turns).

hikkokomori the Geomancer (Gargoyle Wanderer)      Turns: 32533, Time: 01:51:58

Health: -3/100     AC: 30    Str: 14    XL:     16   Next: 44%
Magic:  2/25       EV: 14    Int: 21    God:    Sif Muna [*****.]
Gold:   1660       SH: 12    Dex: 11    Spells: 2/27 levels left

rFire   . . .      SeeInvis +   M - +7 trident of Starshine {spect, rN+ SInv}
rCold   + . .      Faith    .   l - +2 buckler
rNeg    + + +      Spirit   .   G - +5 ring mail
rPois   ∞          Reflect  +   r - +1 helmet {SInv}
rElec   +          Harm     .   c - +0 cloak {Will+}
rCorr   +          Rampage  .   d - +0 pair of gloves
Will    +++..                   C - +2 pair of boots {Stlth+}
Stlth   ++++......              y - amulet of reflection
HPRegen 0.26/turn               Y - +4 ring of evasion
MPRegen 0.19/turn               k - ring "Awilun" {rC+ rN+ Will+ rCorr}

@: flying
A: sickness immunity, AC +12, big wings, negative energy resistance 1,
electricity resistance, torment resistance 1, petrification resistance
a: Renounce Religion, Channel Magic, Forget Spell, Divine Exegesis


You were on level 15 of the Dungeon.
You worshipped Sif Muna.
Sif Muna was extremely pleased with you.
You visited 4 branches of the dungeon, and saw 24 of its levels.
You also visited: Ice Cave.

You collected 2213 gold pieces.
You spent 553 gold pieces at shops.

Inventory:

Hand Weapons
 g - a +1 demon trident of freezing
 A - the +7 rapier "Qizuleuv" {venom, rF+}
   (You found it on level 4 of the Dungeon)

   It poisons the flesh of those it strikes.
   rF:        It protects you from fire.
 M - the +7 trident of Starshine (weapon) {spect, rN+ SInv}
   (You found it on level 6 of the Dungeon)

   When its wielder attacks, the weapon's spirit leaps out and strikes again.
   The spirit shares a part of any damage it takes with its wielder.
   rN:        It protects you from negative energy.
   SInv:      It lets you see invisible.
 T - the +6 trident of Hepliaklqana's Favour {holy, rC+ Will+}
   (You found it on level 7 of the Dungeon)

   It has been blessed by the Shining One to cause great damage to the undead
   and demons.
   rC:        It protects you from cold.
   Will:      It increases your willpower.
Missiles
 V - 7 throwing nets (quivered)
Armour
 c - a +0 cloak of willpower (worn)
 d - a +0 pair of gloves (worn)
 l - a +2 buckler (worn)
 r - a +1 helmet of see invisible (worn)
 C - a +2 pair of boots of stealth (worn)
 G - a +5 ring mail (worn)
Jewellery
 b - an amulet of magic regeneration
 e - a ring of magical power
 k - the ring "Awilun" (right hand) {rC+ rN+ Will+ rCorr}
   (You found it on level 2 of the Lair of Beasts)

   [ring of resist corrosion]

   rC:        It protects you from cold.
   rN:        It protects you from negative energy.
   rCorr:     It protects you from acid and corrosion.
   Will:      It increases your willpower.
 y - an amulet of reflection (around neck)
 J - an amulet of regeneration
 U - a ring of ice
 Y - a +4 ring of evasion (left hand)
Wands
 a - a wand of polymorph (3)
 f - a wand of mindburst (12)
 t - a wand of digging (13)
 v - a wand of iceblast (3)
 I - a wand of acid (5)
 L - a wand of paralysis (4)
 P - a wand of flame (27)
 S - a wand of charming (14)
Scrolls
 j - a scroll of holy word
 o - a scroll of acquirement
 p - 3 scrolls of fog
 q - 4 scrolls of magic mapping
 u - a scroll of brand weapon {unknown}
 z - a scroll of teleportation
 E - 3 scrolls of fear
 F - a scroll of enchant weapon {unknown}
 N - 5 scrolls of blinking
 O - 2 scrolls of immolation {unknown}
 X - 4 scrolls of enchant armour
Potions
 h - a potion of ambrosia
 i - 3 potions of heal wounds
 m - 3 potions of resistance
 n - a potion of experience {unknown}
 s - 3 potions of attraction
 w - 3 potions of degeneration
 x - a potion of berserk rage
 B - 12 potions of curing
 D - 4 potions of lignification
 H - a potion of invisibility {unknown}
 K - a potion of magic
 Q - 5 potions of brilliance
 R - 2 potions of might
 W - a potion of cancellation {unknown}
Miscellaneous
 Z - a tin of tremorstones (2/2)


   Skills:
 + Level 11.0 Fighting
 - Level 6.4 Short Blades
 - Level 3.6 Maces & Flails
 - Level 8.5 Polearms
 - Level 1.2 Slings
 + Level 3.3 Armour
 + Level 2.4 Dodging
 - Level 9.0 Stealth
 - Level 7.5 Shields
 - Level 6.2 Spellcasting
 - Level 8.0 Conjurations
 - Level 7.0 Necromancy
 - Level 9.5 Ice Magic
 - Level 5.0 Air Magic
 - Level 14.3 Earth Magic
 - Level 9.0 Invocations
 + Level 3.8 Evocations


You had 2 spell levels left.
You knew the following spells:

 Your Spells              Type           Power      Damage    Failure   Level
a - Stone Arrow           Conj/Erth      100%       3d13      1%          3
b - Passwall              Tmut/Erth      30%        N/A       1%          2
c - Slow                  Hex            24%        N/A       24%         1
d - Swiftness             Air            27%        N/A       9%          3
e - Conjure Flame         Conj/Fire      23%        6-21      14%         3
f - Ozocubu's Armour      Ice            46%        N/A       1%          3
g - Lee's Rapid Deconstr  Erth           30%        3d17*     1%          5
h - Borgnjor's Vile Clut  Necr/Erth      25%        N/A       8%          5

Your spell library contained the following spells:

 Spells                   Type           Power      Damage    Failure   Level
 Animate Skeleton         Necr           72%        N/A       1%          1
 Pain                     Necr           100%       1d9       1%          1
 Sandblast                Erth           100%       2d20      1%          1
 Shock                    Conj/Air       100%       1d9       1%          1
 Static Discharge         Conj/Air       33%        N/A       2%          2
 Corpse Rot               Necr/Air       62%        N/A       3%          2
 Foxfire                  Conj/Fire      92%        2x1d8     4%          1
 Apportation              Tloc           12%        N/A       24%         1
 Beastly Appendage        Tmut           12%        N/A       24%         1
 Sting                    Tmut/Pois      24%        1d4       24%         1
 Summon Small Mammal      Summ           24%        N/A       24%         1
 Wereblood                Tmut           6%         N/A       34%         2
 Vampiric Draining        Necr           36%        2d8       3%          3
 Mephitic Cloud           Conj/Pois/Air  24%        N/A       12%         3
 Animate Armour           Summ/Erth      72%        N/A       12%         4
 Leda's Liquefaction      Hex/Erth       18%        N/A       12%         4
 Petrify                  Tmut/Erth      36%        N/A       12%         4
 Dispel Undead            Necr           36%        3d15      13%         4
 Airstrike                Air            13%        N/A       28%         4
 Ice Form                 Ice/Tmut       26%        N/A       32%         4
 Agony                    Necr           36%        N/A       34%         5
 Iron Shot                Conj/Erth      26%        9d6       36%         6
 Flame Wave               Conj/Fire      23%        2d7       41%         4
 Fulminant Prism          Conj/Hex       11%        3d9       41%         4
 Iskenderun's Mystic Bla  Conj/Tloc      23%        2d6       41%         4
 Sticky Flame             Conj/Fire      23%        2d4       41%         4
 Lightning Bolt           Conj/Air       16%        1d30      41%         5
 Anguish                  Hex/Necr       10%        N/A       47%         4
 Call Canine Familiar     Summ           6%         N/A       56%         3
 Confusing Touch          Hex            6%         N/A       56%         3
 Gell's Gravitas          Tloc           6%         N/A       56%         3
 Inner Flame              Hex/Fire       6%         N/A       56%         3
 Lesser Beckoning         Tloc           6%         N/A       56%         3
 Portal Projectile        Hex/Tloc       12%        N/A       56%         3
 Teleport Other           Tloc           6%         N/A       56%         3
 Ozocubu's Refrigeration  Ice            23%        4d9       98%         7
 Blade Hands              Tmut           3%         N/A       100%        5
 Eringya's Noxious Bog    Tmut/Pois      3%         N/A       100%        6
 Dragon Form              Tmut           3%         N/A       100%        7
 Infestation              Necr           18%        N/A       100%        8
 Lehudib's Crystal Spear  Conj/Erth      26%        10d7      100%        8
 Necromutation            Tmut/Necr      10%        N/A       100%        8


Dungeon Overview and Level Annotations

Branches:
Dungeon (15/15)            Temple (1/1) D:4            Lair (6/6) D:8
 Shoals (0/4) Lair:4        Snake (0/4) Lair:4        Slime (0/5) Lair:6
    Orc (2/2) D:12            Elf (0/3) Orc:2        Vaults (0/5) D:13
 Depths (0/4) D:15          IceCv (visited)

Altars:
Ashenzari
Cheibriados
Dithmenos
Elyvilon
Fedhas
Gozag
Hepliaklqana
Kikubaaqudgha
Makhleb
Nemelex Xobeh
Okawaru
Qazlal
Ru
Sif Muna
Trog
Uskayaw
Vehumet
Wu Jian
Xom
Yredelemnul
Zin
The Shining One

Shops:
D:10 (   Orc:2 [*!(

Annotations:
D:9 exclusion: statue
Lair:2 2 transporters, exclusion: ice statue, Zonian's ghost, journeyman DrIE


Innate Abilities, Weirdness & Mutations

You are immune to sickness and miasma.
Your stone body is resilient. (AC +12)
You are immune to poison.
Your large and strong wings let you fly.
You resist negative energy. (rN+)
You are resistant to electric shocks. (rElec)
You are resistant to unholy torment.
You are immune to petrification.


Message History

The skeletal warrior hits you from afar with a +0 halberd.
Unknown command.
Casting: Lee's Rapid Deconstruction (dangerous; 1% risk of failure)
Confirm with . or Enter, or press ? or * to list all spells.
Aiming: Borgnjor's Vile Clutch (dangerous; 9% risk of failure)
Press: ? - help, Shift-Dir - straight line, f - centaur warrior, p - skeletal warrior
Aim: a centaur warrior, wielding a +0 longbow and quivering arrows (100% to hit)
Zombie hands grab the skeletal warrior. x2
Zombie hands grab the centaur warrior.
The zombie hands constrict the skeletal warrior!
The zombie hands constrict the skeletal warrior.
The zombie hands constrict the centaur warrior.
The centaur warrior struggles to escape constriction.
The skeletal warrior hits you but does no damage.
The centaur warrior struggles to escape constriction.
The skeletal warrior hits you from afar with a +0 halberd!
The zombie hands constrict the skeletal warrior!
The zombie hands constrict the skeletal warrior.
You destroy the skeletal warrior!
Sif Muna accepts your kill.
The zombie hands constrict the centaur warrior!
The centaur warrior escapes!
The skeletal warrior struggles to escape constriction.
Unknown command.
You are too injured to fight recklessly!
Reach: M) +7 trident of Starshine {spect, rN+ SInv}
Press: ? - help, Dir - move target, f - tengu warrior
Aim: a tengu warrior, wielding a +0 war axe, wearing a +0 ring mail and wearing a +0 buckler (grey smoke, about 44% to evade the +7 trident of Starshine)
You reach to attack!
The tengu warrior blocks your attack.
Your +7 trident of Starshine {spect, rN+ SInv} hits the tengu warrior!
The zombie hands constrict the skeletal warrior.
The skeletal warrior struggles to escape constriction.
Reach: M) +7 trident of Starshine {spect, rN+ SInv}
Press: ? - help, Dir - move target, f/p - tengu warrior
Aim: a tengu warrior, wielding a +0 war axe, wearing a +0 ring mail and wearing a +0 buckler (lightly wounded, about 44% to evade the +7 trident of Starshine)
You could not reach far enough!
The zombie hands constrict the skeletal warrior.
The zombie hands release their grip on the skeletal warrior.
The juggernaut skeleton hits you!!!
You die...

.......P# .....
.88.....# #..
....8...## #.
.>)..8...######
#.
.)....8.c.....c
#####.
.88.....Z##
#...#.
.......8.)##
#### #.#...
...8....#Z.#####
##..###.###.
.......###zQZ@.#
#....##.# #.
......# #####.#
#....##.# #.
..#### #.#
##..###.# #. #
#.####....#.†#
..
#.##.....†).##
## #.#..#....###
#.#.###..##
#.#.##[...#
#.#.##....#


You could see a skeletal warrior, a tengu warrior, a fire giant zombie and a
juggernaut skeleton.

Vanquished Creatures
  Rupert (Lair:3)
  2 orc warlords (Orc:2)
  Snorg (D:11)
  Josephine (D:11)
  A vault guard (D:13)
  Harold (D:8)
  A boulder beetle (D:13)
  12 hydras
  An ogre mage (D:15)
  Erolcha (D:9)
  3 catoblepae (Lair:6)
  A death knight (D:14)
  Erica (Orc:1)
  6 two-headed ogres
  2 tengu warriors
  7 death yaks (Lair:6)
  4 orc high priests (Orc:2)
  7 skeletal warriors
  2 necromancers
  A harpy (shapeshifter) (D:13)
  A phantasmal warrior (D:14)
  7 orc knights
  5 deep elf pyromancers
  4 orc sorcerers (Orc:2)
  15 ugly things
  6 manticores
  3 cyclopes
  2 elephants (shapeshifter) (D:8)
  3 black mambas
  A torpor snail (Lair:4)
  An ice statue (IceCv)
  15 elephants
  2 orange demons (D:15)
  Maurice (D:12)
  2 gargoyles
  8 cane toads
  Psyche (D:11)
  13 ice devils (IceCv)
  2 kobold demonologists (D:14)
  11 komodo dragons
  4 freezing wraiths
  A yaktaur (D:15)
  3 rime drakes
  A tengu conjurer (D:14)
  2 anaconda simulacra (IceCv)
  2 entropy weaver simulacra (IceCv)
  A wind drake (shapeshifter) (D:14)
  7 polar bears
  A hornet (D:9)
  9 trolls
  12 blink frogs
  7 slime creatures
  A meliai zombie (D:10)
  4 dream sheep (Lair:4)
  4 wyverns
  A centaur simulacrum (D:14)
  A vampire (D:12)
  7 wraiths
  2 shadows
  7 basilisks
  47 yaks
  2 dire elephant simulacra (IceCv)
  2 death yak simulacra (IceCv)
  2 steam dragons
  10 nagas (Lair:4)
  5 wargs (Orc:1)
  Edmund (D:4)
  18 water moccasins
  41 orc warriors
  3 black bears
  A necrophage (D:6)
  8 ogres
  4 centaurs
  10 wolves (Lair:1)
  2 phantoms
  14 kobold brigands
  13 bullfrogs
  4 gnoll sergeants (D:12)
  3 cane toad simulacra (IceCv)
  11 scorpions
  A wyvern zombie (D:6)
  A wight (D:6)
  5 elephant simulacra (IceCv)
  10 killer bees
  An electric eel (Lair:6)
  3 howler monkeys
  2 bullfrog zombies (D:6)
  4 jellies
  4 centaur zombies
  A bullfrog skeleton (D:7)
  13 orc priests
  2 hounds (D:6)
  2 iguanas (D:6)
  A scorpion zombie (D:5)
  A gnoll shaman (D:10)
  24 orc wizards
  A spriggan simulacrum (IceCv)
  A troll simulacrum (IceCv)
  6 polar bear simulacra (IceCv)
  4 wolf simulacra (IceCv)
  A killer bee zombie (D:6)
  A hound skeleton (D:4)
  2 howler monkey zombies
  16 gnolls
  11 adders
  A shadow imp (D:8)
  2 white imps (D:6)
  4 ufetubi (IceCv)
  An adder skeleton (D:5)
  4 worms
  5 dart slugs
  108 orcs
  3 bats
  7 endoplasms
  A giant cockroach (D:1)
  16 goblins
  9 hobgoblins
  9 jackals
  31 kobolds
  3 quokkas (D:4)
  4 ball pythons
  2 frilled lizards
  5 rats
770 creatures vanquished.

Vanquished Creatures (others)
  An orc priest (Orc:2)
  2 kobolds (D:7)
  17 fungi
  79 plants
  12 withered plants (D:15)
111 creatures vanquished.

Grand Total: 881 creatures vanquished

Notes
Turn   | Place    | Note
-------+----------+-------------------------------------------
     0 | D:1      | hikkokomori the Gargoyle Wanderer began the quest for the
                  | Orb.
     0 | D:1      | hikkokomori set off with the following items: a +2 mace, a
                  | +0 hunting sling, 16 sling bullets, a +0 pair of gloves, a
                  | +0 leather armour
     0 | D:1      | Reached XP level 1. HP: 12/12 MP: 1/1
   150 | D:1      | Reached XP level 2. HP: 18/18 MP: 2/2
   658 | D:1      | Reached XP level 3. HP: 21/22 MP: 3/3
  1515 | D:2      | Identified the +5 falchion "Sireb" {holy, rN+ Str+3}
  1599 | D:2      | Reached skill level 5 in Stealth
  1599 | D:2      | Reached skill level 1 in Shields
  1599 | D:2      | Reached XP level 4. HP: 27/28 MP: 4/4
  2006 | D:3      | Found a faded altar of an unknown god.
  2250 | D:3      | Learned a level 3 spell: Stone Arrow
  2268 | D:3      | Reached XP level 5. HP: 28/32 MP: 5/5
  2765 | D:3      | Noticed a black bear
  2825 | D:2      | Reached skill level 1 in Earth Magic
  3589 | D:4      | Noticed a phantom
  3605 | D:3      | Killed a black bear
  3606 | D:3      | Reached skill level 2 in Earth Magic
  3606 | D:3      | Reached XP level 6. HP: 31/38 MP: 6/6
  3802 | D:4      | Identified the +1 short sword of Inference {flame, rElec
                  | Str+2}
  3812 | D:4      | Identified the +7 rapier "Qizuleuv" {venom, rF+}
  3890 | D:4      | Reached XP level 7. HP: 34/44 MP: 7/7
  3911 | D:4      | Reached skill level 1 in Short Blades
  3931 | D:4      | Found a staircase to the Ecumenical Temple.
  4015 | Temple   | Entered the Ecumenical Temple
  4091 | Temple   | Became a worshipper of Sif Muna the Loreminder
  4145 | D:4      | Reached skill level 3 in Earth Magic
  4328 | D:4      | Found an ornate altar of the Wu Jian Council.
  4445 | D:4      | Noticed Edmund
  4452 | D:4      | Killed Edmund
  4453 | D:4      | Reached skill level 1 in Spellcasting
  4755 | D:5      | Entered Level 5 of the Dungeon
  4837 | D:5      | Reached skill level 5 in Fighting
  4980 | D:5      | Reached XP level 8. HP: 49/49 MP: 10/10
  5019 | D:5      | Reached skill level 4 in Earth Magic
  5072 | D:5      | Reached * piety under Sif Muna
  5671 | D:6      | Reached skill level 5 in Shields
  5674 | D:6      | Reached skill level 5 in Earth Magic
  5772 | D:6      | Reached XP level 9. HP: 49/55 MP: 13/13
  5851 | D:6      | Found a faded altar of an unknown god.
  5851 | D:6      | Found an ancient bone altar of Kikubaaqudgha.
  5859 | D:6      | Found a stormy altar of Qazlal.
  5861 | D:6      | Found a shimmering altar of Xom.
  5863 | D:6      | Found a bloodstained altar of Trog.
  6055 | D:6      | Identified the +7 trident of Starshine {spect, rN+ SInv}
  6589 | D:6      | Reached skill level 6 in Earth Magic
  6650 | D:7      | Noticed a deep elf pyromancer
  6672 | D:7      | Killed a deep elf pyromancer
  6673 | D:7      | Reached skill level 1 in Conjurations
  6956 | D:7      | Reached ** piety under Sif Muna
  7165 | D:7      | Found a hide-covered altar of Uskayaw.
  7306 | D:7      | Identified the +6 trident of Hepliaklqana's Favour {holy,
                  | rC+ Will+}
  7774 | D:8      | Learned a level 2 spell: Passwall
  7798 | D:8      | Noticed Harold
  7810 | D:8      | Killed Harold
  7811 | D:8      | Reached skill level 5 in Short Blades
  7811 | D:8      | Reached skill level 7 in Earth Magic
  7811 | D:8      | Reached XP level 10. HP: 58/63 MP: 15/17
  7914 | D:8      | Reached skill level 5 in Spellcasting
  8163 | D:8      | Learned a level 1 spell: Slow
  8278 | D:8      | Found a staircase to the Lair.
  8281 | D:8      | You fall into a shaft and drop 1 floor!
  8518 | D:9      | Noticed a deep elf pyromancer
  8550 | D:9      | Reached skill level 8 in Earth Magic
  8574 | D:9      | Killed a deep elf pyromancer
  8912 | D:9      | Reached skill level 5 in Conjurations
  9005 | D:9      | Found a radiant altar of Vehumet.
  9071 | D:9      | Noticed Erolcha
  9107 | D:9      | Killed Erolcha
  9108 | D:9      | Reached XP level 11. HP: 56/69 MP: 18/20
  9375 | D:9      | Reached *** piety under Sif Muna
  9718 | D:8      | Noticed a cyclops
 10002 | D:8      | Killed a cyclops
 10025 | D:8      | Reached skill level 1 in Polearms
 10727 | D:10     | Entered Level 10 of the Dungeon
 10758 | D:10     | Found a white marble altar of Elyvilon.
 10943 | D:10     | Found Nagador's Antique Weapon Shop.
 11065 | D:10     | Found a large runed translucent door.
 11065 | D:10     | Found a large runed translucent door.
 11649 | D:10     | Found a sacrificial altar of Ru.
 11652 | D:10     | Found an iron altar of Okawaru.
 11709 | D:11     | Noticed a red ugly thing
 11722 | D:11     | HP: 1/71 [red ugly thing (13)]
 11724 | D:11     | Killed a red ugly thing
 12092 | D:11     | Noticed Psyche
 12111 | D:11     | Noticed Snorg
 12147 | D:11     | Killed Snorg
 12373 | D:11     | Noticed a cyclops
 12377 | D:11     | Killed a cyclops
 12396 | D:11     | Found a shadowy altar of Dithmenos.
 12427 | D:11     | Noticed Josephine
 12450 | D:11     | Killed Josephine
 12451 | D:11     | Reached XP level 12. HP: 61/76 MP: 8/21
 12485 | D:11     | Learned a level 3 spell: Swiftness
 12600 | D:11     | Reached **** piety under Sif Muna
 12624 | D:11     | Killed Psyche
 12947 | D:11     | Noticed a seven-headed hydra
 12953 | D:11     | Killed a seven-headed hydra
 12954 | D:11     | Reached skill level 1 in Air Magic
 12954 | D:11     | Reached skill level 9 in Earth Magic
 13276 | D:12     | Reached skill level 1 in Invocations
 13282 | D:12     | Reached skill level 5 in Polearms
 13389 | D:12     | Found an iron altar of Okawaru.
 13706 | D:12     | Noticed Maurice
 13712 | D:12     | Killed Maurice
 13826 | D:12     | Found a staircase to the Orcish Mines.
 14160 | D:13     | Noticed a six-headed hydra
 14161 | D:13     | Found a frozen archway.
 14167 | IceCv    | Entered an ice cave
 14181 | IceCv    | Reached skill level 10 in Earth Magic
 14814 | IceCv    | Learned a level 3 spell: Conjure Flame
 15108 | IceCv    | Reached ***** piety under Sif Muna
 15219 | IceCv    | Found an ancient bone altar of Kikubaaqudgha.
 15474 | IceCv    | Reached XP level 13. HP: 62/80 MP: 22/22
 15475 | IceCv    | Received a gift from Sif Muna
 15476 | IceCv    | Got Esiwn's Disquisition on Creative Changing {god gift}
 15649 | IceCv    | Reached skill level 5 in Invocations
 16206 | IceCv    | Reached skill level 11 in Earth Magic
 17077 | D:13     | Noticed a vault guard
 17406 | D:13     | Learned a level 3 spell: Ozocubu's Armour
 17560 | D:13     | Killed a vault guard
 17561 | D:13     | Reached skill level 1 in Ice Magic
 17648 | D:13     | Found a gate to the Vaults.
 18106 | Lair:1   | Entered Level 1 of the Lair of Beasts
 18848 | Lair:1   | Gained mutation: Your large and strong wings let you fly.
                  | [Gargoyle growth]
 18848 | Lair:1   | Reached XP level 14. HP: 67/86 MP: 23/23
 19202 | Lair:2   | Identified the ring "Awilun" {rC+ rN+ Will+ rCorr}
 19368 | Lair:2   | Found a transporter.
 19382 | Lair:2   | Noticed Zonian's ghost (journeyman DrIE)
 19397 | Lair:2   | Received a gift from Sif Muna
 19414 | Lair:2   | Got Sif Muna's Catalogue of Ashen Changing {god gift}
 19421 | Lair:2   | Learned a level 5 spell: Lee's Rapid Deconstruction
 19427 | Lair:2   | Learned a level 5 spell: Borgnjor's Vile Clutch
 19540 | Lair:2   | Found a transporter.
 19659 | Lair:2   | Reached skill level 1 in Necromancy
 20163 | Lair:3   | Reached skill level 12 in Earth Magic
 20237 | Lair:3   | Noticed Rupert
 20244 | Lair:3   | Killed Rupert
 20307 | Lair:3   | Reached skill level 5 in Ice Magic
 21563 | Lair:4   | Identified the +3 scale mail of Altruism {Regen+ Int+4}
 21737 | Lair:4   | Found a staircase to the Shoals.
 22076 | Lair:4   | Found a staircase to the Snake Pit.
 22672 | Lair:5   | Found a snail-covered altar of Cheibriados.
 22803 | Lair:5   | Reached skill level 5 in Air Magic
 23473 | Lair:6   | Entered Level 6 of the Lair of Beasts
 23683 | Lair:6   | Reached XP level 15. HP: 43/90 MP: 2/24
 23934 | Lair:6   | Found a staircase to the Slime Pits.
 24129 | Lair:6   | Reached skill level 5 in Necromancy
 24648 | Lair:6   | Reached skill level 13 in Earth Magic
 24686 | Lair:6   | Received a gift from Sif Muna
 25081 | Lair:6   | Got Vecuzad's Handbook of Mutagenic Venom {god gift}
 25472 | Lair:6   | Identified the +4 falchion "Voyfocos" {flame, rN++ Str-2
                  | SInv}
 25737 | Lair:6   | Identified the +1 war axe "Beetleslayer" {spect, Str+6}
 26049 | Orc:1    | Entered Level 1 of the Orcish Mines
 26410 | Orc:1    | Noticed Erica
 26424 | Orc:1    | Killed Erica
 26735 | Orc:2    | Entered Level 2 of the Orcish Mines
 27124 | Orc:2    | Noticed an orc warlord
 27248 | Orc:2    | Received a gift from Sif Muna
 27255 | Orc:2    | Got Sif Muna's Guide on Conjuration {god gift}
 27613 | Orc:2    | Killed an orc warlord
 27731 | Orc:2    | Noticed an orc warlord
 27752 | Orc:2    | Killed an orc warlord
 28132 | Orc:2    | Found a staircase to the Elven Halls.
 28447 | Orc:2    | Found Keemp's Antique Weapon Boutique.
 28447 | Orc:2    | Found Webeinne's Antique Armour Shoppe.
 28447 | Orc:2    | Found Nint's Distillery.
 28447 | Orc:2    | Found Utud's General Store.
 28783 | Orc:2    | Bought a potion of curing for 33 gold pieces
 28783 | Orc:2    | Bought a potion of heal wounds for 55 gold pieces
 28784 | Orc:2    | Bought a potion of curing for 45 gold pieces
 28784 | Orc:2    | Bought a potion of curing for 45 gold pieces
 28784 | Orc:2    | Bought a potion of ambrosia for 120 gold pieces
 28784 | Orc:2    | Bought a potion of curing for 45 gold pieces
 28784 | Orc:2    | Bought a potion of brilliance for 60 gold pieces
 28784 | Orc:2    | Bought a potion of heal wounds for 75 gold pieces
 28784 | Orc:2    | Bought a potion of heal wounds for 75 gold pieces
 28920 | Orc:1    | Received a gift from Sif Muna
 28923 | Orc:1    | Got Sif Muna's Disquisition on Enchantment and Darkness
                  | {god gift}
 29126 | D:14     | Reached skill level 14 in Earth Magic
 29197 | D:14     | Reached skill level 10 in Fighting
 29212 | D:14     | Reached skill level 1 in Evocations
 29225 | D:14     | Reached XP level 16. HP: 12/97 MP: 6/25
 31069 | D:14     | Reached skill level 1 in Armour
 31620 | D:15     | Entered Level 15 of the Dungeon
 31886 | D:15     | Reached skill level 1 in Dodging
 32192 | D:15     | Identified a scroll of acquirement
 32517 | D:15     | Found a staircase to the Depths.
 32533 | D:15     | Slain by a juggernaut skeleton

Illustrated notes

Levels and vault maps discovered:
D:1:      giann_wishing_wells, layout_rooms
D:2:      minmay_recursive_quarters, layout_basic, serial_aquarium,
          aquarium_bridge_square [aquarium_subvault_balcony,
          aquarium_subvault_bridge, aquarium_subvault_window,
          aquarium_subvault_wall], aquarium_bridge_island_small
          [aquarium_subvault_small_water, aquarium_subvault_window,
          aquarium_subvault_bridge, aquarium_subvault_wall,
          aquarium_subvault_window], aquarium_window_fake, aquarium_window_fake,
          aquarium_window_corner, aquarium_view_2d, aquarium_view_2e,
          kennysheep_donut, nicolae_grassy_gnolls
D:3:      kennysheep_the_goblin_king, layout_rooms, basic_ecumenical_altar,
          serial_co_window_serial, co_window_corner_a, co_window_paths_a,
          co_window_paths_a, co_window_of_opportunity_a, co_window_paths_b,
          co_window_corner_a, co_window_of_opportunity_b, co_window_broadway_c,
          co_window_corner_ca, co_window_2corner, co_window_4corner_b,
          co_window_4corner_a, glass_columns_b, glass_columns_b, glass_columns_a
D:4:      layout_loops_ring, pdpol_wu_jian_five_deadly_venoms, temple_fountains,
          uniq_edmund
D:5:      layout_basic
D:6:      minmay_bubble_buster, layout_basic,
          chequers_temple_overflow_minitemple, minmay_chambers_of_fives
D:7:      layout_cave_pods, eat_drink_and_be_merry_uskayaw, minivault_25
D:8:      layout_rooms, erik_lair_dragon, kb_rosetta, uniq_harold
D:9:      layout_stronghold, vehumet_statue, grunt_ogre_cave, st_stairs_5,
          uniq_erolcha
D:10:     layout_irregular_city, elyvilon_altar_5, jmf_multi_god_temple2,
          serial_shops, nicolae_shop_hallway_plus
D:11:     layout_cave_pools, serial_rivers, chequers_serial_rivers_room_b,
          chequers_serial_rivers_room_b, chequers_serial_rivers_micro_c,
          chequers_serial_rivers_large_b, chequers_serial_rivers_marsh,
          chequers_serial_rivers_marsh, grunt_dithmenos_smoke, uniq_josephine,
          uniq_psyche, uniq_snorg
D:12:     layout_rooms, kennysheep_orc_monster_closet_entryway,
          okawaru_ov_weapons_minmay, uniq_maurice
D:13:     layout_long_grid, david_vaults_5, portal_ice_cave_entry_pillars_2,
          gauntlet_entry_generic
D:14:     layout_basic, minmay_misc_feat_secret_circle
D:15:     gammafunk_depths_entry_grave, layout_rooms, minmay_misc_feat_pillars,
          einodemon_barbed_minivault
Temple:   nicolae_temple_x_marks_the_god
Lair:1:   layout_cave_shapes, serial_forest, infiniplex_forest_end_2,
          infiniplex_forest_clump_small, infiniplex_forest_end_3,
          infiniplex_forest_clump_cross, infiniplex_forest_clump_tiny,
          infiniplex_forest_end_3, infiniplex_forest_lined_room_2,
          infiniplex_forest_straight_2, minivault_23, cheibrodos_lair_lostbears,
          lemuel_fruit_tree
Lair:2:   layout_long_grid, nzn_ghost_randoct, nicolae_lair_grove_arrangements,
          grunt_megastairs_3
Lair:3:   layout_loops_ring, st_stairs_5, uniq_rupert
Lair:4:   layout_long_grid, minmay_shoals_entry_centaurs,
          minmay_snake_entry_guardpost_large
Lair:5:   layout_loops_ring, basic_altar, grunt_megastairs_1
Lair:6:   evilmike_catoblepas_cave, layout_cave_pods,
          minmay_slime_entry_pillars, serial_bayou_shore_a
Orc:1:    layout_caves, nooodl_orcs_dogs, uniq_erica
Orc:2:    grunt_orc_tribal_feast, layout_caves, minmay_orc_barracks

Skill      XL: |  1  2  3  4  5  6  7  8  9 10 11 12 13 14 15 16 |
---------------+-------------------------------------------------+-----
Fighting       | 3 4 5 6 7 8 9 10 11 | 11.0
Stealth        | 5 6 8 9 |  9.0
Shields        | 1 2 3 4 5 7 |  7.5
Earth Magic    | 2 3 5 7 8 10 11 12 14 | 14.3
Short Blades   | 2 3 5 6 |  6.4
Spellcasting   | 1 3 4 6 |  6.2
Conjurations   | 3 5 7 8 |  8.0
Polearms       | 4 6 8 |  8.5
Air Magic      | 3 4 5 |  5.0
Invocations    | 4 8 9 |  9.0
Ice Magic      | 3 7 9 |  9.5
Necromancy     | 4 7 |  7.0
Evocations     | 1 3 |  3.8
Armour         | 3 |  3.3
Dodging        | 2 |  2.4
Maces & Flails | |  3.6
Slings         | |  1.2

Action                   |  1- 3 |  4- 6 |  7- 9 | 10-12 | 13-15 | 16-18 || total
-------------------------+-------+-------+-------+-------+-------+-------++-------
Melee: Mace              |    81 |    13 |       |       |       |       ||    94
       Falchion          |       |   128 |    31 |    65 |       |       ||   224
       Rapier            |       |    11 |   227 |   171 |    65 |       ||   474
       Trident           |       |       |     1 |   341 |  1123 |   162 ||  1627
       Demon trident     |       |       |       |       |    10 |       ||    10
 Fire: Hunting sling     |    32 |       |       |       |       |       ||    32
Throw: Stone             |       |     1 |       |       |       |       ||     1
 Cast: Stone Arrow       |       |       |       |    22 |    16 |     4 ||    42
       Passwall          |       |       |       |     3 |       |       ||     3
       Lee's Rapid Decon |       |       |       |       |    27 |    13 ||    40
       Ozocubu's Armour  |       |       |       |       |     6 |     2 ||     8
       Swiftness         |       |       |       |       |     1 |     1 ||     2
       Borgnjor's Vile C |       |       |       |       |    21 |     8 ||    29
       Slow              |       |       |       |       |       |     1 ||     1
Evoke: Wand              |       |       |       |     8 |    39 |       ||    47
  Use: Scroll            |       |     1 |       |    14 |    18 |     2 ||    35
       Potion            |       |       |       |     4 |     8 |       ||    12
 Stab: Sleeping          |     4 |     3 |    15 |     9 |    26 |     2 ||    59
       Distracted        |       |       |     1 |     3 |    14 |     1 ||    19
Armor: Leather armour    |    57 |    71 |     6 |       |       |       ||   134
       Ring mail         |       |       |   108 |   263 |   358 |    67 ||   796
       Scale mail        |       |       |       |    15 |    80 |       ||    95
Dodge: Dodged            |    60 |    78 |    71 |   296 |   453 |    44 ||  1002
Block: Buckler           |     3 |    39 |   119 |   327 |   605 |    67 ||  1160
       Reflection        |       |       |     6 |    12 |     7 |     1 ||    26
